 Dungeon Crawl Stone Soup version 0.23.2-40-g277498a001 (webtiles) character file.

Game seed: 4028843525152033681

495 Curus the Basher (level 6, 0/50 HPs)
             Began as a Minotaur Gladiator on Oct 12, 2019.
             Slain by Prince Ribbit (7 damage)
             ... on level 5 of the Dungeon.
             The game lasted 00:16:09 (2867 turns).

Curus the Basher (Minotaur Gladiator)               Turns: 2867, Time: 00:16:09

Health: 0/50       AC:  4    Str: 20 (22) XL:     6   Next: 92%
Magic:  5/5        EV: 13    Int:  7      God:
Gold:   28         SH:  0    Dex: 12      Spells: 5/5 levels left

rFire    + + .     SeeInvis .   a - +0 flail
rCold    + . .     Gourm    .   (no shield)
rNeg     . . .     Faith    .   q - +1 leather armour of Liberty {Str+4}
rPois    .         Spirit   .   c - +0 hat
rElec    .         Reflect  .   r - scarf {rC+ rF+}
rCorr    .         Harm     .   (no gloves)
MR       .....                  (no boots)
Stlth    +.........             e - amulet of regeneration
HPRegen  0.56/turn              n - ring of protection from fire
MPRegen  0.09/turn              (no ring)

@: no status effects
A: retaliatory headbutt, horns 2
a: no special abilities


You were on level 5 of the Dungeon.
You were hungry.

You visited 1 branch of the dungeon, and saw 5 of its levels.

You collected 234 gold pieces.
You spent 206 gold pieces at shops.

Inventory:

Hand Weapons
 a - a +0 flail (weapon)
Missiles
 d - 2 throwing nets (quivered)
Armour
 b - a +0 leather armour
 c - a +0 hat (worn)
 l - a +0 cloak
 q - the +1 leather armour of Liberty (worn) {Str+4}
   (You bought it in a shop on level 4 of the Dungeon)

   It affects your strength (+4).
 r - a scarf of resistance (worn)
Jewellery
 e - an amulet of regeneration (around neck)
 h - an uncursed amulet of faith
 k - an uncursed ring of wizardry
 n - a ring of protection from fire (left hand)
 p - an uncursed amulet of the gourmand
 s - a cursed amulet of inaccuracy
Wands
 m - a wand of enslavement (10)
Scrolls
 i - 2 scrolls of amnesia
 o - a scroll of magic mapping
Potions
 g - 2 potions of curing
Comestibles
 f - 4 rations


   Skills:
 - Level 2.4 Fighting
 + Level 9.5 Maces & Flails
 - Level 2.0 Throwing
 - Level 3.2 Dodging


You had 5 spell levels left.
You didn't know any spells.
Your spell library contained the following spells:

 Spells                   Type           Power        Failure   Level  Hunger
 Confusing Touch          Hex            #.....       50%         1    ##.....
 Confuse                  Hex            #.......     86%         3    ####...
 Gell's Gravitas          Tloc           #.........   86%         3    ####...
 Petrify                  Tmut/Erth      #.......     99%         4    #####..
 Metabolic Englaciation   Hex/Ice        #.........   100%        5    ######.
 Yara's Violent Unravell  Hex/Tmut       #.........   100%        5    ######.


Dungeon Overview and Level Annotations

Branches:
Dungeon (5/15)
 Temple: D:4-7

Altars:
Cheibriados

Shops:
D:4 [=[[!

Annotations:
D:4 2 transporters, Glamhuggeren's ghost, novice MiFi
D:5 Prince Ribbit


Innate Abilities, Weirdness & Mutations

You reflexively headbutt those who attack you in melee.
You have a pair of horns on your head.


Message History

Prince Ribbit hits you!
You barely miss Prince Ribbit.
Prince Ribbit is heavily wounded.
Prince Ribbit hits you!
* * * LOW HITPOINT WARNING * * *
Prince Ribbit barely misses you.
You closely miss Prince Ribbit. You headbutt Prince Ribbit!
Prince Ribbit is severely wounded.
Prince Ribbit hits you!
* * * LOW HITPOINT WARNING * * *
You hit Prince Ribbit. Your headbutt misses Prince Ribbit.
Prince Ribbit is severely wounded.
Prince Ribbit blinks!
Unknown command.
Throwing (i - inventory)
d - 3 throwing nets (quivered)
Press: ? - help, Shift-Dir - straight line, f - Prince Ribbit
Aim: Prince Ribbit (severely wounded)
You throw a throwing net. The throwing net misses Prince Ribbit.
Prince Ribbit hits you!
You die...

.# ##+## ##.### ##..(##
#.....# ##.....##
#.....#
##....F..######.....###
#.....@...##...........
+.........'............
#.....ยง...#......_.....
##.......###...........
##.....## #...........
##...## ####.....###
##+## #.....# #
##.....## ###.##
#.......#


You could see Prince Ribbit.

Vanquished Creatures
  An ogre (D:4)
  A phantom (D:4)
  A centaur (D:4)
  A hound (D:4)
  A jelly (D:4)
  An orc wizard (D:4)
  An iron imp (D:5)
  A worker ant (D:4)
  3 adders
  3 worms
  2 dart slugs
  2 leopard geckos
  4 orcs (D:4)
  3 giant cockroaches
  7 goblins
  8 hobgoblins
  5 jackals
  3 kobolds (D:1)
  3 quokkas
  8 bats
  4 frilled lizards
  7 rats
70 creatures vanquished.

Notes
Turn   | Place    | Note
-------+----------+-------------------------------------------
     0 | D:1      | Curus the Minotaur Gladiator began the quest for the Orb.
     0 | D:1      | Reached XP level 1. HP: 18/18 MP: 0/0
   104 | D:1      | Reached skill level 4 in Maces & Flails
   109 | D:1      | Reached XP level 2. HP: 25/25 MP: 1/1
   428 | D:1      | Reached skill level 5 in Maces & Flails
   507 | D:1      | Reached XP level 3. HP: 30/30 MP: 2/2
   992 | D:2      | Reached skill level 6 in Maces & Flails
   992 | D:2      | Reached XP level 4. HP: 37/37 MP: 3/3
  2112 | D:4      | Noticed a centaur
  2116 | D:4      | Killed a centaur
  2116 | D:4      | Reached skill level 7 in Maces & Flails
  2116 | D:4      | Reached XP level 5. HP: 32/42 MP: 4/4
  2193 | D:4      | Reached skill level 8 in Maces & Flails
  2213 | D:4      | Noticed an ogre
  2222 | D:4      | Killed an ogre
  2222 | D:4      | Reached XP level 6. HP: 10/50 MP: 5/5
  2380 | D:4      | Found a transporter.
  2380 | D:4      | Identified the +6 dire flail of Prudence {speed, MR+ Str+4
                  | SInv}
  2382 | D:4      | Found a transporter.
  2383 | D:4      | Noticed Glamhuggeren's ghost (novice MiFi)
  2425 | D:4      | Found Jumn's Armour Shop.
  2454 | D:4      | Found Lekethrai's Antique Armour Boutique.
  2462 | D:4      | Bought a distressingly furry leather armour for 182 gold
                  | pieces
  2473 | D:4      | Found Usudoihi's Antique Armour Emporium.
  2482 | D:4      | Reached skill level 9 in Maces & Flails
  2520 | D:4      | Identified the +1 leather armour of Liberty {Str+4} (You
                  | bought it in a shop on level 4 of the Dungeon)
  2537 | D:4      | Found Nastutec's Distillery.
  2665 | D:4      | Found Tibazyis's Jewellery Shop.
  2668 | D:4      | Bought a cursed amulet of inaccuracy for 24 gold pieces
  2804 | D:5      | Entered Level 5 of the Dungeon
  2838 | D:5      | Found a snail-covered altar of Cheibriados.
  2854 | D:5      | Noticed Prince Ribbit
  2867 | D:5      | Slain by Prince Ribbit

Skill      XL: |  1  2  3  4  5  6 |
---------------+-------------------+-----
Maces & Flails | 4 5 6 7 8 9 |  9.5
Fighting       | |  2.4
Throwing       | |  2.0
Dodging        | |  3.2

Action                   |  1- 3 |  4- 6 || total
-------------------------+-------+-------++-------
Melee: Flail             |    68 |    76 ||   144
       Headbutt          |    10 |    13 ||    23
Throw: Throwing net      |       |     2 ||     2
  Use: Potion            |     5 |     2 ||     7
       Scroll            |     3 |     5 ||     8
 Stab: Sleeping          |     2 |       ||     2
  Eat: Chunk             |       |     2 ||     2
       Ration            |       |     1 ||     1
Armor: Leather armour    |    26 |     8 ||    34
Dodge: Dodged            |    45 |    27 ||    72
